 Dungeon Crawl Stone Soup version 0.27.1-34-g3ba077fa99 (webtiles) character file.

Game seed: 35543631134017728

117 sankara the Ruffian (level 4, -4/35 HPs)
             Began as a Minotaur Transmuter on Jan 21, 2022.
             Slain by Grinder (9 damage)
             ... on level 3 of the Dungeon.
             The game lasted 00:06:10 (2784 turns).

sankara the Ruffian (Minotaur Transmuter)           Turns: 2784, Time: 00:06:10

Health: -4/35      AC:  2    Str: 14    XL:     4   Next: 71%
Magic:  2/5        EV: 19    Int: 10    God:
Gold:   64         SH:  0    Dex: 17    Spells: 0/6 levels left

rFire    . . .     SeeInvis .     - Unarmed
rCold    . . .     Faith    .   (shield currently unavailable)
rNeg     . . .     Spirit   .   (armour currently unavailable)
rPois    x         Reflect  .   (helmet currently unavailable)
rElec    .         Harm     .   (cloak currently unavailable)
rCorr    .         Rampage  .   (gloves currently unavailable)
Will     .....                  (boots currently unavailable)
Stlth    ++........             (no amulet)
HPRegen  0.11/turn              (no ring)
MPRegen  0.09/turn              (no ring)

@: spider-form (expiring)
A: venomous fangs, tiny, (horns 2), (retaliatory headbutt)
a: End Transformation


You were on level 3 of the Dungeon.
You were a venomous arachnid creature.
You visited 1 branch of the dungeon, and saw 3 of its levels.

You collected 64 gold pieces.

Inventory:

Hand Weapons
 b - a +2 hunting sling of flaming (melded)
Missiles
 c - 86 stones
Armour
 a - a +0 robe (melded)
Scrolls
 h - a scroll of teleportation {unknown}
 i - a scroll of enchant armour {unknown}
 k - a scroll of identify {unknown}
Potions
 d - a potion of berserk rage {unknown}
 e - a potion of cancellation {unknown}
 f - 2 potions of degeneration {unknown}
 g - a potion of curing {unknown}
 j - 2 potions of might {unknown}


   Skills:
 - Level 1.2 Fighting
 + Level 1.1 Slings
 - Level 2.1 Dodging
 + Level 4.6 Unarmed Combat
 - Level 1.5 Spellcasting
 * Level 3.0 Transmutations
 * Level 0.1 Poison Magic


You couldn't memorise any spells.
You knew the following spells:

 Your Spells              Type           Power      Damage    Failure   Level
a - Beastly Appendage     Tmut           12%        N/A       24%         1
b - Wereblood             Tmut           6%         N/A       32%         2
c - Spider Form           Tmut/Pois      1%         N/A       67%         3

Your spell library contained the following spells:

 Spells                   Type           Power      Damage    Failure   Level
 Ice Form                 Ice/Tmut       3%         N/A       96%         4


Dungeon Overview and Level Annotations

Branches:
Dungeon (3/15)

Altars:

Shops:
D:1 (   D:3 [

Annotations:
D:3 Grinder


Innate Abilities, Weirdness & Mutations

You are a venomous arachnid creature.
You have poisonous fangs.
You are tiny and dextrous.
Your spellcasting is less reliable in this form.
Your armour is entirely melded.
You are incapable of wielding weapons or throwing items.
((You have a pair of horns on your head.))
((You reflexively headbutt those who attack you in melee.))


Message History

The hobgoblin is severely wounded.
You shoot a stone. The stone hits the hobgoblin.
The stone burns the hobgoblin.
You kill the hobgoblin!
You see here a hobgoblin corpse.
Casting: Spider Form (quite dangerous; 45% risk of failure)
Confirm with . or Enter, or press ? or * to list all spells.
The spell is quite dangerous to cast (45% risk of failure)!
Continue anyway?
You turn into a venomous arachnid creature.
Your +2 hunting sling of flaming melds into your body.
Your +0 robe melds into your body.
Your +2 hunting sling of flaming stops flaming.
Grinder shouts!
Your transformation is almost over.
You bite Grinder!
Grinder is heavily wounded.
Grinder hits you!
You writhe in agony.
You hit Grinder but do no damage.
Grinder is poisoned.
Grinder is heavily wounded.
You bite Grinder!
Grinder looks as sick as possible!
Grinder is severely wounded.
Grinder gestures at you.
You suddenly lose the ability to move!
Grinder hits you!
You writhe in agony.
* * * LOW HITPOINT WARNING * * *
Grinder gestures at you.
You shrug off the repeated paralysis!
Grinder says, "DUCK!"
Grinder gestures at you.
You shrug off the repeated paralysis!
Grinder hits you.
* * * LOW HITPOINT WARNING * * *
You can move again.
You hit Grinder but do no damage.
Grinder is almost dead.
Grinder closely misses you.
Unknown command.
You barely miss Grinder.
Grinder is almost dead.
Grinder hits you!
You die...

###....÷.#.##.##..#
##.###.#.##.###.#
#.# #.#.##....∩#
#####.#
#.#.##..####
#...#.###.#.##..#
#...............#
#...#######.###.#
##.## #.# #.# #.#
#s# #.# #.#
#..5##.# #.#
#.(..... #.#
#...#### #.# #####
#.###############
######
#...............#
^.....
###############.#
###### #)#


You could see Grinder (very poisoned).

Vanquished Creatures
  A bullfrog zombie (D:3)
  A gnoll (D:1)
  An adder (D:3)
  A worm (D:2)
  2 dart slugs (D:1)
  6 orcs (D:3)
  3 ball pythons
  5 endoplasms
  4 giant cockroaches
  4 goblins
  4 hobgoblins
  4 kobolds
  7 bats
  4 frilled lizards
  7 rats
54 creatures vanquished.

Notes
Turn   | Place    | Note
-------+----------+-------------------------------------------
     0 | D:1      | sankara the Minotaur Transmuter began the quest for the
                  | Orb.
     0 | D:1      | Reached XP level 1. HP: 16/16 MP: 1/1
   100 | D:1      | Found a faded altar of an unknown god.
   260 | D:1      | Reached XP level 2. HP: 22/23 MP: 1/3
   441 | D:1      | Reached XP level 3. HP: 21/28 MP: 2/4
   563 | D:1      | Reached skill level 4 in Unarmed Combat
   673 | D:1      | Found Fusizuut's Antique Weapon Boutique.
  2160 | D:3      | Reached XP level 4. HP: 35/35 MP: 5/5
  2295 | D:3      | Learned a level 2 spell: Wereblood
  2299 | D:3      | Learned a level 3 spell: Spider Form
  2389 | D:3      | Reached skill level 1 in Slings
  2636 | D:3      | Noticed Grinder
  2758 | D:3      | Found Nacoqy's Armour Shoppe.
  2778 | D:3      | Paralysed by Grinder for 4 turns
  2784 | D:3      | Slain by Grinder

Illustrated notes

Levels and vault maps discovered:
D:1:      minmay_arrival_loop, layout_basic, serial_shops, nicolae_shop_trees,
          shapermc_ecumenical_altar_notcrosses, st_stairs_5
D:2:      wander_river, layout_basic
D:3:      layout_loops_ring, serial_shops, shop, uniq_grinder

Skill      XL: |  1  2  3  4 |
---------------+-------------+-----
Transmutations | 2 3 |  3.0
Unarmed Combat | 4 |  4.6
Slings         | 1 |  1.1
Fighting       | |  1.2
Dodging        | |  2.1
Spellcasting   | |  1.5
Poison Magic   | |  0.1

Action                   |  1- 3 |  4- 6 || total
-------------------------+-------+-------++-------
Melee: Unarmed           |    88 |    33 ||   121
       Kick              |    15 |     2 ||    17
       Headbutt          |     4 |     4 ||     8
       Punch             |     1 |       ||     1
 Fire: Hunting sling     |     1 |    14 ||    15
 Cast: Beastly Appendage |    30 |     1 ||    31
       Spider Form       |       |     2 ||     2
 Stab: Sleeping          |     1 |       ||     1
Armor: Robe              |    14 |       ||    14
Dodge: Dodged            |    54 |    16 ||    70
